 Dungeon Crawl Stone Soup version 0.21.0-3-g78d12a8 (webtiles) character file.

284 raph the Chucker (level 6, -1/59 HPs)
             Began as a Troll Hunter on Jan 13, 2018.
             Was an Initiate of Okawaru.
             Slain by a crimson imp (3 damage)
             ... on level 5 of the Dungeon.
             The game lasted 00:05:48 (3210 turns).

raph the Chucker (Troll Hunter)                     Turns: 3210, Time: 00:05:50

Health: -1/59      AC:  5    Str: 21    XL:     6   Next: 7%
Magic:  6/6        EV: 10    Int:  7    God:    Okawaru [......]
Gold:   165        SH:  0    Dex: 12    Spells: 5/6 levels left

rFire    . . .     SeeInvis .     - Unarmed
rCold    . . .     Gourm    +   (no shield)
rNeg     . . .     Faith    .   b - +0 robe
rPois    +         Spirit   .   (helmet restricted)
rElec    .         Reflect  .   (no cloak)
rCorr    .         Harm     .   (gloves unavailable)
MR       .....                  (boots unavailable)
Stlth    +.........             (no amulet)
HPRegen  0.59/turn              h - ring of poison resistance
MPRegen  0.10/turn              (no ring)

@: hasted, very quick
A: large, unfitting armour, claws 3, fast metabolism 3, gourmand, regeneration
1, shaggy fur 1, tough skin 2
a: Renounce Religion


You were on level 5 of the Dungeon.
You worshipped Okawaru.
Okawaru was noncommittal.
You were very hungry.

You visited 2 branches of the dungeon, and saw 6 of its levels.

You collected 165 gold pieces.

Inventory:

Missiles
 c - 5 large rocks (quivered)
 d - 2 throwing nets
 g - 181 stones
 r - 7 curare-tipped needles
 t - 4 javelins
Armour
 b - a +0 robe (worn)
Jewellery
 h - a ring of poison resistance (left claw)
Scrolls
 e - 4 scrolls of identify {unknown}
 j - 2 scrolls of teleportation {unknown}
 k - 2 scrolls of enchant weapon {unknown}
 m - a scroll of amnesia {unknown}
 n - a scroll of random uselessness {unknown}
 o - a scroll of remove curse {unknown}
 v - a scroll of fear {unknown}
Potions
 a - 4 potions of mutation {unknown}
 i - 4 potions of heal wounds {unknown}
 l - a potion of might {unknown}
 p - 2 potions of haste
 q - 4 potions of curing
 s - 2 potions of degeneration {unknown}
 w - a potion of berserk rage {unknown}
 x - a potion of flight {unknown}
Books
 u - a book of Changes

   Spells                             Type                      Level
   a - Beastly Appendage              Transmutation                1
   b - Sticks to Snakes               Transmutation                2
   c - Spider Form                    Transmutation/Poison         3
   d - Ice Form                       Ice/Transmutation            4
   e - Blade Hands                    Transmutation                5
Comestibles
 f - 5 rations


   Skills:
 + Level 2.8 Fighting
 + Level 4.2 Throwing
 + Level 2.5 Dodging
 - Level 0.3 Stealth
 * Level 3.1 Unarmed Combat
 + Level 0.7 Spellcasting
 + Level 0.9 Transmutations
 + Level 0.1 Invocations


You had 5 spell levels left.
You knew the following spells:

 Your Spells              Type           Power        Failure   Level  Hunger
a - Beastly Appendage     Tmut           #.....       30%         1    ##.....


Dungeon Overview and Level Annotations

Branches:
Dungeon (5/15)             Temple (1/1) D:4

Altars:
Ashenzari
Cheibriados
Dithmenos
Elyvilon
Fedhas
Gozag
Hepliaklqana
Kikubaaqudgha
Makhleb
Nemelex Xobeh
Okawaru
Qazlal
Ru
Sif Muna
Trog
Uskayaw
Vehumet
Xom
Yredelemnul
Zin
The Shining One

Annotations:
D:5 Prince Ribbit


Innate Abilities, Weirdness & Mutations

You are too large for most types of armour.
You have claws for hands.
Your metabolism is lightning-fast.
You like to eat raw meat.
Your natural rate of healing is unusually fast.
You are covered in fur. (AC +1)
You have very tough skin. (AC +2)


Message History

You are too injured to fight recklessly!
You are too injured to fight recklessly!
You are too injured to fight recklessly!
You are too injured to fight recklessly!
You are too injured to fight recklessly!
You are too injured to fight recklessly!
You closely miss the crimson imp. The crimson imp hits you.
Prince Ribbit hits you.
* * * LOW HITPOINT WARNING * * *
You claw Prince Ribbit!
Prince Ribbit is moderately wounded.
Prince Ribbit hits you.
* * * LOW HITPOINT WARNING * * *
The crimson imp hits you but does no damage.
It was a potion of haste.
You feel yourself speed up.
Prince Ribbit catches a mosquito with his tongue.
Prince Ribbit hits you!
* * * LOW HITPOINT WARNING * * *
The crimson imp hits you.
You die...

## # #..####
####.. .....
....
.####.5###..####
.......@#.......
...####F..#
##.## ###...###
####.##.##.####
..
.#..#.......#..#
..#
....#..8..#....
..#
..#.)#...#..#..
#.#
...#...8...#...


You could see Prince Ribbit and a crimson imp.

Vanquished Creatures
  A scorpion (D:4)
  A bullfrog skeleton (D:4)
  A jelly (D:5)
  A worker ant (D:4)
  4 adders
  A shadow imp (D:5)
  3 oozes
  2 worms
  6 dart slugs
  A leopard gecko (D:2)
  2 orcs (D:3)
  7 giant cockroaches
  10 hobgoblins
  7 jackals
  2 kobolds (D:2)
  13 bats
  7 frilled lizards
  A giant cockroach zombie (D:5)
  5 goblins
  A quokka skeleton (D:4)
  6 rats
82 creatures vanquished.

Notes
Turn   | Place    | Note
-------+----------+-------------------------------------------
     0 | D:1      | raph the Troll Hunter began the quest for the Orb.
     0 | D:1      | Reached XP level 1. HP: 19/19 MP: 0/0
   121 | D:1      | Reached XP level 2. HP: 27/28 MP: 1/1
   192 | D:1      | Reached skill level 1 in Unarmed Combat
   590 | D:1      | Reached XP level 3. HP: 35/35 MP: 2/2
   981 | D:2      | Found a shadowy altar of Dithmenos.
  1132 | D:2      | Reached XP level 4. HP: 29/44 MP: 3/3
  1533 | D:3      | Learned a level 1 spell: Beastly Appendage
  1909 | D:3      | Reached skill level 4 in Throwing
  2301 | D:4      | Reached XP level 5. HP: 49/50 MP: 1/4
  2507 | D:4      | Found a staircase to the Ecumenical Temple.
  2517 | Temple   | Entered the Ecumenical Temple
  2633 | Temple   | Became a worshipper of Warmaster Okawaru
  3086 | D:5      | Entered Level 5 of the Dungeon
  3142 | D:5      | Reached XP level 6. HP: 59/59 MP: 4/6
  3189 | D:5      | Noticed Prince Ribbit
  3210 | D:5      | HP: 2/59 [Prince Ribbit (11)]
  3210 | D:5      | Slain by a crimson imp

Skill      XL: |  1  2  3  4  5 |
---------------+----------------+-----
Unarmed Combat | 1 2 3 |  3.1
Fighting       | 2 |  2.8
Dodging        | 2 |  2.5
Throwing       | 4 |  4.2
Stealth        | |  0.3
Spellcasting   | |  0.7
Transmutations | |  0.9
Invocations    | |  0.1

Action                   |  1- 3 |  4- 6 || total
-------------------------+-------+-------++-------
Melee: Unarmed           |   181 |   135 ||   316
       Short sword       |     1 |       ||     1
       Kick              |       |     2 ||     2
 Cast: Beastly Appendage |       |     3 ||     3
  Use: Potion            |       |     1 ||     1
  Eat: Chunk             |    16 |    10 ||    26
Armor: Robe              |    71 |    51 ||   122
Dodge: Dodged            |   113 |    73 ||   186
